 Dungeon Crawl Stone Soup version 0.28-a0-1629-gf728b707aa (webtiles) character file.

Game seed: 13753975426742722811

2234 fragbeetle the Frost Mage (level 9, -2/66 HPs)
             Began as a Merfolk Ice Elementalist on Jan 24, 2022.
             Was a Follower of Sif Muna.
             Slain by a tengu warrior (15 damage)
             ... on level 8 of the Dungeon.
             The game lasted 00:16:27 (7812 turns).

fragbeetle the Frost Mage (MfIE)                    Turns: 7812, Time: 00:16:28

Health: -2/66      AC:  9    Str: 11    XL:     9   Next: 36%
Magic:  8/14       EV: 15    Int: 16    God:    Sif Muna [*.....]
Gold:   347        SH:  6    Dex: 20    Spells: 4/14 levels left

rFire   + + .      SeeInvis .   a - +7 dagger of Armageddon {chaos, rF+ Will+}
rCold   + . .      Faith    .   J - +2 buckler
rNeg    . . .      Spirit   .   y - +2 robe {Archmagi}
rPois   .          Reflect  .   (no helmet)
rElec   .          Harm     .   C - scarf {rC+ rF+}
rCorr   .          Rampage  .   H - +0 pair of gloves
Will    +....      Archmagi +   (no boots)
Stlth   +++.......              (no amulet)
HPRegen 0.21/turn               f - +6 ring of dexterity
MPRegen 0.14/turn               i - +4 ring of protection

@: freezing walls, very slightly contaminated
A: (nimble swimmer 2), mertail
a: Renounce Religion, Channel Magic


You were on level 8 of the Dungeon.
You worshipped Sif Muna.
Sif Muna was aware of your devotion.
You visited 2 branches of the dungeon, and saw 9 of its levels.

You collected 347 gold pieces.

Inventory:

Hand Weapons
 a - the +7 dagger of Armageddon (weapon) {chaos, rF+ Will+}
   (You found it on level 4 of the Dungeon)

   Each time it hits an enemy it has a different, random effect.
   rF:        It protects you from fire.
   Will:      It increases your willpower.
 u - a +0 trident
Missiles
 j - 4 boomerangs (quivered)
 s - 3 javelins
 E - 9 poisoned darts
Armour
 y - a +2 robe of the Archmagi (worn)
 C - a scarf of resistance (worn)
 H - a +0 pair of gloves (worn)
 J - a +2 buckler (worn)
Jewellery
 f - a +6 ring of dexterity (left hand)
 i - a +4 ring of protection (right hand)
 w - a +4 ring of evasion
 x - a ring of resist corrosion
Wands
 D - a wand of iceblast (9)
 F - a wand of paralysis (9)
 G - a wand of polymorph (5)
 I - a wand of flame (21)
Scrolls
 b - 3 scrolls of identify {unknown}
 g - a scroll of enchant weapon {unknown}
 k - 2 scrolls of magic mapping {unknown}
 l - a scroll of silence {unknown}
 o - a scroll of fog {unknown}
 p - a scroll of noise {unknown}
 t - a scroll of teleportation {unknown}
 v - 2 scrolls of enchant armour {unknown}
 B - a scroll of fear {unknown}
 K - a scroll of vulnerability {unknown}
Potions
 c - 3 potions of mutation {unknown}
 d - 2 potions of cancellation {unknown}
 e - 2 potions of might {unknown}
 h - 4 potions of flight {unknown}
 m - 2 potions of curing {unknown}
 n - a potion of haste {unknown}
 q - a potion of berserk rage {unknown}
 r - a potion of attraction {unknown}
 z - a potion of brilliance {unknown}
 A - 2 potions of heal wounds {unknown}


   Skills:
 + Level 4.4 Fighting
 * Level 7.1 Polearms
 - Level 6.0 Dodging
 - Level 4.0 Stealth
 * Level 0.9 Shields
 - Level 3.3 Spellcasting
 * Level 2.7 Conjurations
 * Level 8.2 Ice Magic
 * Level 3.7 Poison Magic


You had 4 spell levels left.
You knew the following spells:

 Your Spells              Type           Power      Damage    Failure   Level
a - Freeze                Ice            100%       1d11      1%          1
b - Frozen Ramparts       Ice            86%        1d10      2%          3
c - Ozocubu's Armour      Ice            43%        N/A       2%          3
d - Mephitic Cloud        Conj/Pois/Air  14%        N/A       30%         3

Your spell library contained the following spells:

 Spells                   Type           Power      Damage    Failure   Level
 Magic Dart               Conj           68%        1d6       8%          1
 Searing Ray              Conj           34%        2d5       12%         2
 Animate Skeleton         Necr           8%         N/A       24%         1
 Apportation              Tloc           8%         N/A       24%         1
 Summon Small Mammal      Summ           16%        N/A       24%         1
 Hailstorm                Conj/Ice       30%        3d8       26%         4
 Call Imp                 Summ           4%         N/A       36%         2
 Summon Ice Beast         Ice/Summ       23%        N/A       41%         4
 Fulminant Prism          Conj/Hex       5%         3d7       80%         4
 Animate Armour           Summ/Erth      8%         N/A       94%         4
 Blade Hands              Tmut           2%         N/A       100%        5
 Summon Mana Viper        Hex/Summ       4%         N/A       100%        5
 Iron Shot                Conj/Erth      5%         9d2       100%        6
 Monstrous Menagerie      Summ           2%         N/A       100%        7


Dungeon Overview and Level Annotations

Branches:
Dungeon (8/15)             Temple (1/1) D:7
   Lair: D:8-11

Altars:
Ashenzari
Cheibriados
Elyvilon
Hepliaklqana
Makhleb
Ru
Sif Muna
Trog
Uskayaw
Vehumet
Wu Jian
Xom
Yredelemnul
Zin
The Shining One


Innate Abilities, Weirdness & Mutations

((You are very nimble when in or above water. (Stealth+, EV+, Speed+++)))
Your lower body shifts to a powerful aquatic tail in water.


Message History

The tengu warrior closely misses you. The tengu warrior pecks you.
The tengu warrior claws you but does no damage.
The tengu warrior blocks your attack.
The tengu warrior is moderately wounded.
The wall freezes the tengu warrior!
You block the tengu warrior's attack. x3
Unknown command.
The tengu warrior blocks your attack.
The tengu warrior is moderately wounded.
The wall freezes the tengu warrior.
The tengu warrior hits you with a +0 long sword!
The tengu warrior pecks you. You block the tengu warrior's attack.
Unknown command.
You hit the tengu warrior. You burn the tengu warrior.
The tengu warrior is heavily wounded.
The wall freezes the tengu warrior.
The tengu warrior hits you with a +0 long sword!
The tengu warrior pecks you but does no damage.
The tengu warrior claws you but does no damage.
Unknown command.
You hit the tengu warrior.
The tengu warrior goes berserk!
The tengu warrior is heavily wounded.
The wall freezes the tengu warrior.
The tengu warrior hits you with a +0 long sword!
The tengu warrior closely misses you.
The tengu warrior claws you but does no damage.
The wall freezes the tengu warrior.
The tengu warrior hits you with a +0 long sword!
* * * LOW HITPOINT WARNING * * *
The tengu warrior completely misses you.
The tengu warrior claws you but does no damage.
You hit the tengu warrior but do no damage.
The tengu warrior is heavily wounded.
The wall freezes the tengu warrior!
The tengu warrior barely misses you. The tengu warrior pecks you.
* * * LOW HITPOINT WARNING * * *
The tengu warrior misses you.
The tengu conjurer gestures wildly while chanting.
The tengu conjurer blinks!
The wall freezes the tengu warrior.
The tengu warrior hits you with a +0 long sword!
You die...

...Q.........'...........
........####''#####.####
#......#........##.# # #
#...§..#........##.# #
##'#'##......#...###..##.#
#
...........).+..#).#..+..#
##
........####)+..#(.#..+...
.. ........#
#Q#..###.[.#... ..
<.......# ##@#........#..#
## ........#
#..#........#... ........#
#..####''####..# ........#
#..............# ........#
#####'########.# +###'####
#..# #.# #..## #.# #.†.#
#.# ####†#.## ##'####


You could see a tengu warrior (berserk).

Vanquished Creatures
  Maurice (D:8)
  Menkaure (D:7)
  A sky beast (D:6)
  2 black bears (D:7)
  A necrophage (D:5)
  3 centaurs
  A kobold brigand (D:6)
  Blork the orc (D:4)
  2 scorpions
  4 killer bees (D:8)
  A water moccasin skeleton (D:7)
  A bullfrog zombie (D:6)
  A centaur zombie (D:6)
  2 hounds (D:5)
  2 jellies
  An orc priest (D:4)
  2 bullfrog skeletons
  Natasha (D:2)
  3 orc wizards
  A killer bee zombie (D:8)
  A hound zombie (D:5)
  A hound skeleton (D:4)
  4 gnolls (D:7)
  6 adders
  2 howler monkey skeletons
  2 dart slugs
  20 orcs
  5 bats
  6 endoplasms
  5 giant cockroaches
  4 goblins
  8 hobgoblins
  2 jackals (D:5)
  3 quokkas
  7 ball pythons
  2 frilled lizards
  13 kobolds
  2 rats (D:2)
125 creatures vanquished.

Notes
Turn   | Place    | Note
-------+----------+-------------------------------------------
     0 | D:1      | fragbeetle the Merfolk Ice Elementalist began the quest for
                  | the Orb.
     0 | D:1      | Reached XP level 1. HP: 13/13 MP: 3/3
   287 | D:1      | Reached XP level 2. HP: 20/20 MP: 3/5
   390 | D:1      | Found a faded altar of an unknown god.
   749 | D:2      | Reached skill level 1 in Fighting
   749 | D:2      | Reached XP level 3. HP: 16/26 MP: 1/6
  1147 | D:2      | Noticed Natasha
  1153 | D:2      | Killed Natasha
  1154 | D:2      | Reached skill level 5 in Ice Magic
  1154 | D:2      | Reached XP level 4. HP: 20/32 MP: 2/7
  1158 | D:2      | Learned a level 3 spell: Frozen Ramparts
  1162 | D:2      | Learned a level 3 spell: Ozocubu's Armour
  2535 | D:4      | Reached XP level 5. HP: 28/38 MP: 8/8
  2844 | D:4      | Found a shimmering blue altar of Sif Muna.
  2853 | D:4      | Became a worshipper of Sif Muna the Loreminder
  2967 | D:4      | Noticed Blork the orc
  2976 | D:4      | Killed Blork the orc
  2977 | D:4      | Reached skill level 1 in Polearms
  2977 | D:4      | Reached skill level 6 in Ice Magic
  2977 | D:4      | Reached XP level 6. HP: 26/46 MP: 2/9
  3240 | D:4      | Identified the +7 dagger of Armageddon {chaos, rF+ Will+}
  3678 | D:5      | Entered Level 5 of the Dungeon
  4035 | D:5      | Found a sacrificial altar of Ru.
  4091 | D:5      | Noticed an ice beast
  4130 | D:5      | Banished an ice beast
  4131 | D:5      | Reached XP level 7. HP: 51/51 MP: 6/10
  5285 | D:6      | Reached skill level 5 in Dodging
  5395 | D:6      | Reached skill level 7 in Ice Magic
  5395 | D:6      | Reached XP level 8. HP: 58/58 MP: 11/13
  5439 | D:6      | Learned a level 3 spell: Mephitic Cloud
  5496 | D:6      | Reached skill level 5 in Polearms
  5558 | D:6      | Found a snail-covered altar of Cheibriados.
  5870 | D:6      | Reached skill level 1 in Poison Magic
  5987 | D:6      | Found a hide-covered altar of Uskayaw.
  6118 | D:7      | Reached skill level 1 in Conjurations
  6190 | D:7      | Reached * piety under Sif Muna
  6240 | D:7      | Found a burning altar of Makhleb.
  6274 | D:7      | Found a shimmering altar of Xom.
  6584 | D:7      | Found a staircase to the Ecumenical Temple.
  6584 | D:7      | Noticed Menkaure
  6597 | D:7      | Killed Menkaure
  6813 | Temple   | Entered the Ecumenical Temple
  7394 | D:8      | Reached XP level 9. HP: 56/65 MP: 14/14
  7398 | D:8      | Noticed a tengu warrior
  7487 | D:8      | Noticed Maurice
  7518 | D:8      | Killed Maurice
  7519 | D:8      | Reached skill level 8 in Ice Magic
  7663 | D:8      | Noticed a tengu conjurer
  7812 | D:8      | Slain by a tengu warrior

Illustrated notes

Levels and vault maps discovered:
D:1:      minmay_arrival_five_plusses, layout_basic,
          dreamdust_ecumenical_altar_grove
D:2:      layout_rooms, uniq_natasha
D:3:      layout_basic, skrybe_limestone_x
D:4:      layout_loops_ring, mainiacjoe_overflow_tiny_flanked,
          uniq_blork_the_orc
D:5:      layout_layer_cave, nicolae_ru_awakened_eye
D:6:      layout_basic, nicolae_uskayaw_dance_studio, overflow_temple_1_default,
          minmay_crystal_water
D:7:      layout_gridville, overflow_temple_1_default,
          mainiacjoe_overflow_alcove_2, minmay_temple_entry_drinking_statues,
          minmay_misc_feat_roman, uniq_menkaure
D:8:      layout_basic, minitemple, lair_entry_dummy, kennysheep_generic_room_7,
          uniq_maurice
Temple:   compressed_dpeg_triangle_lava_temple

Skill      XL: |  1  2  3  4  5  6  7  8  9 |
---------------+----------------------------+-----
Dodging        | 3 4 5 6 |  6.0
Fighting       | 1 2 3 4 |  4.4
Ice Magic      | 5 6 7 8 |  8.2
Stealth        | 3 4 |  4.0
Polearms       | 1 3 4 6 7 |  7.1
Spellcasting   | 3 |  3.3
Poison Magic   | 2 3 |  3.7
Conjurations   | 2 |  2.7
Shields        | |  0.9

Action                   |  1- 3 |  4- 6 |  7- 9 || total
-------------------------+-------+-------+-------++-------
Melee: Dagger            |    26 |    55 |   120 ||   201
       Club              |     4 |       |       ||     4
       Short sword       |       |    42 |       ||    42
       Punch             |       |     2 |       ||     2
       Trident           |       |    21 |       ||    21
       Tailslap          |       |       |     1 ||     1
Throw: Boomerang         |       |     7 |     1 ||     8
       Dart              |       |       |     2 ||     2
 Cast: Freeze            |    34 |    13 |       ||    47
       Frozen Ramparts   |       |     6 |    17 ||    23
       Ozocubu's Armour  |       |     2 |     7 ||     9
Evoke: Wand              |       |       |     3 ||     3
 Stab: Sleeping          |     1 |     8 |     3 ||    12
       Distracted        |       |       |     2 ||     2
       Paralysed         |       |       |     2 ||     2
Armor: Robe              |    11 |    35 |    54 ||   100
Dodge: Dodged            |    39 |    82 |    92 ||   213
Block: Buckler           |       |       |    13 ||    13

Table legend: (Time is in decaauts)
 A = Elapsed time spent in this place.
 B = Non-inter-level travel time spent in this place.
 C = Inter-level travel time spent in this place.
 D = Time resting spent in this place.
 E = Time spent auto-exploring this place.
 F = Levels seen in this place.
 G = Mean time per level.
                   A        B        C        D        E       F      G
               +--------+--------+--------+--------+--------+-----+--------+
         Total |   7823 |   7587 |    236 |    128 |   6058 |   9 |  869.2 |
       Dungeon |   7658 |   7439 |    219 |    128 |   5919 |   8 |  957.2 |
        Temple |    164 |    147 |     17 |      0 |    139 |   1 |  164.0 |
               +--------+--------+--------+--------+--------+-----+--------+

Top non-repeatable levels by time:
     D:5: 1480 daAuts
     D:4: 1168 daAuts
     D:7: 1137 daAuts
     D:3: 1025 daAuts
     D:6: 950 daAuts
     D:2: 892 daAuts
     D:1: 605 daAuts
     D:8: 398 daAuts
  Temple: 164 daAuts
